AoeStats
← 无忧无虑

Arena

509230536Analyzed
4v4 RM · 6d ago on Sep 26, 2026· 40m 33s· 8 players
Game mode
Random Map
Map size
Large (8 player)
Population
200
Speed
Normal
Resources
Standard
Victory
Conquest
Starting age
Dark Age
Ending age
Imperial Age
RankedLock teamsTeams togetherTeam positionsShared explorationLock speedFull tech treeHidden civsTurbo modeCheats
Victory
Defeat
🇲🇽 Bohemians · Mexico
921
+15
🇲🇽 Gurjaras · Mexico
911
+15
🇦🇺 Japanese · Australia
891
+16
🇺🇸 Portuguese · United States
854
+17
🇨🇳 Teutons · China
916
-48
🇦🇷 Khmer · Argentina
898
-16
🇵🇪 Goths · Peru
888
-16
🇺🇸 Ethiopians · United States
849
-14
HeroicShepherd
Jota
0:27 Loom
10:47 Feudal Age
11:15 Town Watch
17:21 Castle Age
15:23 Horse Collar
15:33 Double-Bit Axe
17:08 Stone Mining
17:11 Gold Mining
19:15 Heavy Plow
19:58 Bow Saw
23:31 Forging
24:31 Scale Mail Armor
28:19 Chain Mail Armor
30:22 Iron Casting
31:25 Anarchy
32:42 Elite Skirmisher
34:50 Padded Archer Armor
ADORNI
7:50 Loom
9:51 Feudal Age
15:40 Castle Age
13:41 Gold Mining
14:19 Double-Bit Axe
23:40 Wheelbarrow
29:48 Imperial Age
28:07 Bow Saw
31:33 Hand Cart
32:43 Gold Shaft Mining
32:12 Horse Collar
35:34 Double Crossbow
35:56 Conscription
35:35 Town Watch
36:38 Heavy Scorpion
38:07 Ballistics
38:48 Chemistry
无忧无虑
11:56 Feudal Age
15:19 Wheelbarrow
18:33 Horse Collar
19:43 Gold Mining
25:14 Castle Age
22:51 Man-at-Arms
23:45 Double-Bit Axe
26:25 Bow Saw
26:19 Heavy Plow
26:44 Scale Mail Armor
28:12 Stone Mining
29:43 Chain Mail Armor
29:42 Forging
30:49 Fortified Wall
31:13 Ballistics
34:36 Imperial Age
32:01 Long Swordsman
34:52 Iron Casting
36:45 Crop Rotation
reyangel141
11:38 Feudal Age
13:10 Wheelbarrow
12:53 Double-Bit Axe
16:19 Castle Age
15:05 Horse Collar
21:27 Hand Cart
21:39 Heavy Plow
22:13 Bow Saw
23:47 Caravan
29:10 Imperial Age
26:42 Loom
26:42 Town Watch
27:53 Treadmill Crane
29:05 Forging
29:03 Scale Barding Armor
29:16 Gold Mining
29:17 Stone Mining
30:11 Conscription
30:21 Frontier Guards
30:11 Husbandry
30:22 Bloodlines
31:38 Chemistry
30:58 Ballistics
32:14 Gold Shaft Mining
32:17 Stone Shaft Mining
32:15 Bloodlines
31:57 Elite Shrivamsha Rider
34:02 Chain Barding Armor
34:17 Iron Casting
33:13 Heavy Camel Rider
35:09 Crop Rotation
35:36 Plate Barding Armor
38:09 Scale Mail Armor
37:59 Fletching
38:10 Padded Archer Armor
Deivid7201
12:21 Feudal Age
18:39 Castle Age
17:16 Double-Bit Axe
17:12 Horse Collar
18:09 Wheelbarrow
17:20 Loom
21:53 Bow Saw
22:11 Fervor
22:57 Elite Skirmisher
23:52 Heavy Plow
26:39 Chemistry
25:48 Pikeman
26:29 Squires
26:49 Fletching
29:23 Bodkin Arrow
29:39 Forging
34:05 Imperial Age
32:14 Fortified Wall
38:01 Hand Cart
39:38 Conscription
lehoangphilong1809
11:20 Feudal Age
12:03 Double-Bit Axe
12:29 Horse Collar
14:59 Castle Age
13:18 Loom
18:16 Bow Saw
23:51 Scale Mail Armor
26:36 Wheelbarrow
26:34 Town Watch
28:26 Hand Cart
28:10 Gold Mining
30:05 Gold Shaft Mining
31:12 Forging
31:17 Chain Mail Armor
31:23 Fletching
34:41 Imperial Age
32:31 Padded Archer Armor
32:37 Scale Barding Armor
34:34 Thumb Ring
35:21 Bodkin Arrow
35:41 Leather Archer Armor
35:40 Stone Mining
37:12 Bracer
37:33 Chain Barding Armor
37:43 Ring Archer Armor
36:39 Heavy Cavalry Archer
38:11 Conscription
38:12 Town Patrol
38:21 Treadmill Crane
38:57 Caravan
40:02 Parthian Tactics
40:26 Plate Mail Armor
40:31 Iron Casting
duythach3266
13:13 Feudal Age
14:35 Wheelbarrow
13:49 Loom
13:47 Horse Collar
13:53 Double-Bit Axe
20:40 Castle Age
22:41 Hand Cart
24:02 Heavy Plow
24:13 Bow Saw
25:57 Padded Archer Armor
25:49 Fletching
26:45 Gold Mining
26:45 Stone Mining
30:09 Stone Shaft Mining
33:48 Caravan
34:26 Coinage
41:15 Imperial Age
Connection lost

Rejoining the realm…

Still unreachable

The connection could not be restored.

Session expired

The server has moved on; the page needs a fresh start.